 Dungeon Crawl Stone Soup version 0.27-a0-1391-g48c30b3128 (webtiles) character file.

Game seed: 1401464421378098997

9 Nattfarinn the Skirmisher (level 2, 0/31 HPs)
             Began as an Ogre Warper on July 1, 2021.
             Slain by Natasha (5 damage)
             ... on level 2 of the Dungeon.
             The game lasted 00:00:57 (1013 turns).

Nattfarinn the Skirmisher (Ogre Warper)             Turns: 1013, Time: 00:00:58

Health: 0/31       AC:  3    Str: 14    XL:     2   Next: 16%
Magic:  5/5        EV:  9    Int: 14    God:
Gold:   32         SH:  0    Dex:  8    Spells: 5/5 levels left

rFire    . . .     SeeInvis .   g - +1 long sword (vorpal)
rCold    . . .     Faith    .   (no shield)
rNeg     . . .     Spirit   .   b - +0 robe
rPois    .         Reflect  .   (helmet restricted)
rElec    .         Harm     .   (no cloak)
rCorr    .         Rampage  .   (gloves unavailable)
Will     .....                  (boots unavailable)
Stlth    +.........             (no amulet)
HPRegen  0.10/turn              (no ring)
MPRegen  0.09/turn              (no ring)

@: no status effects
A: large, unfitting armour, tough skin 1
a: no special abilities


You were on level 2 of the Dungeon.
You visited 1 branch of the dungeon, and saw 2 of its levels.

You collected 32 gold pieces.

Inventory:

Hand Weapons
 a - a +0 mace
 g - a +1 vorpal long sword (weapon)
Missiles
 d - 5 boomerangs of dispersal (quivered)
Armour
 b - a +0 robe (worn)
Scrolls
 c - a scroll of blinking
 e - a scroll of identify {unknown}
 h - a scroll of immolation {unknown}
Potions
 f - a potion of mutation {unknown}
 i - a potion of ambrosia {unknown}


   Skills:
 + Level 3.1 Fighting
 * Level 2.3 Maces & Flails
 - Level 1.0 Throwing
 - Level 2.1 Dodging
 - Level 2.4 Spellcasting
 - Level 2.6 Translocations


You had 5 spell levels left.
You didn't know any spells.
Your spell library contained the following spells:

 Spells                   Type           Power      Damage    Failure   Level
 Blink                    Tloc           N/A        N/A       12%         2
 Gell's Gravitas          Tloc           4%         N/A       22%         3
 Lesser Beckoning         Tloc           4%         N/A       22%         3
 Teleport Other           Tloc           9%         N/A       22%         3
 Manifold Assault         Tloc           9%         N/A       91%         5


Dungeon Overview and Level Annotations

Branches:
Dungeon (2/15)

Altars:

Annotations:
D:2 Natasha


Innate Abilities, Weirdness & Mutations

You are too large for most types of armour.
You have tough skin. (AC +1)


Message History

You are too injured to fight recklessly!
Unknown command.
You are too injured to fight recklessly!
You hit Natasha.
Natasha is severely wounded.
Natasha closely misses you. The crimson imp barely misses you.
Natasha claws you but does no damage. The crimson imp hits you.
You closely miss Natasha.
Natasha is severely wounded.
Natasha casts a spell at you. The magic dart hits you.
* * * LOW HITPOINT WARNING * * *
The crimson imp barely misses you.
You barely miss Natasha.
Natasha is severely wounded.
Natasha barely misses you.
You riposte.
You closely miss Natasha.
Natasha is severely wounded.
The crimson imp barely misses you.
You hit Natasha.
Natasha is almost dead.
Natasha extends her claws.
Natasha claws you.
* * * LOW HITPOINT WARNING * * *
The crimson imp closely misses you. Natasha casts a spell at you.
You resist with significant effort.
The crimson imp hits you but does no damage.
Unknown command.
You closely miss Natasha.
Natasha is almost dead.
Natasha claws you.
* * * LOW HITPOINT WARNING * * *
The crimson imp completely misses you.
Unknown command.
Unknown command.
You hit Natasha.
Natasha is almost dead.
Natasha casts a spell.
The crimson imp closely misses you. Natasha claws you.
You die...

.... .......# ..?#
#......# #..#
#......# # #..#
#......#
#.#####..###.<....#.
#....>...............
#.####...##...#......
# #.....5..........
#....@h.......#.#
#..#[##.##....# #
#...............
#.##............ #.
#.##.##....#.
#.......# .....
#.............. ...$
#.......#.##.. ......
#.......#.# .......


You could see Natasha and a crimson imp (summoned).

Vanquished Creatures
  An endoplasm (D:1)
  A goblin (D:1)
  3 hobgoblins (D:1)
  A ball python (D:1)
  A frilled lizard (D:1)
  A kobold (D:1)
  A rat (D:1)
9 creatures vanquished.

Notes
Turn   | Place    | Note
-------+----------+-------------------------------------------
     0 | D:1      | Nattfarinn the Ogre Warper began the quest for the Orb.
     0 | D:1      | Reached XP level 1. HP: 22/22 MP: 3/3
    78 | D:1      | You fall into a shaft and drop 1 floor!
    78 | D:2      | Noticed Natasha
   410 | D:1      | Reached skill level 3 in Fighting
   468 | D:1      | Reached XP level 2. HP: 31/31 MP: 5/5
   593 | D:1      | Found a faded altar of an unknown god.
  1003 | D:2      | Noticed a crimson imp
  1013 | D:2      | Slain by Natasha

Illustrated notes

Levels and vault maps discovered:
D:1:      noname_arrival_rooms_in_the_neighbourhood, layout_basic,
          ebering_ecumenical_altar_hall
D:2:      layout_basic, uniq_natasha

Skill      XL: |  1 |
---------------+----+-----
Maces & Flails | 2 |  2.3
Fighting       | 3 |  3.1
Throwing       | |  1.0
Dodging        | |  2.1
Spellcasting   | |  2.4
Translocations | |  2.6

Action                   || total
-------------------------++-------
Melee: Mace              ||    24
       Long sword        ||    10
Armor: Robe              ||    15
Dodge: Dodged            ||    24
       Rpst.: Long sword ||     1

Table legend: (Time is in decaauts)
 A = Elapsed time spent in this place.
 B = Non-inter-level travel time spent in this place.
 C = Inter-level travel time spent in this place.
 D = Time resting spent in this place.
 E = Time spent auto-exploring this place.
 F = Levels seen in this place.
 G = Mean time per level.
                   A        B        C        D        E       F      G
               +--------+--------+--------+--------+--------+-----+--------+
         Total |   1024 |    911 |    113 |     72 |    757 |   2 |  512.0 |
       Dungeon |   1024 |    911 |    113 |     72 |    757 |   2 |  512.0 |
               +--------+--------+--------+--------+--------+-----+--------+

Top non-repeatable levels by time:
     D:1: 978 daAuts
     D:2: 45 daAuts
